 Dungeon Crawl Stone Soup version 0.19-a0-231-gae044c8 (webtiles) character file.

39137 namelastname112 the Covert (level 13, -2/67 HPs)
             Began as a Spriggan Enchanter on May 24, 2016.
             Was an Elder of Hepliaklqana.
             Slain by a sixfirhy (14 damage)
             ... summoned by an orc sorcerer
             ... summoned by a boggart
             ... on level 15 of the Dungeon.
             The game lasted 01:02:41 (21055 turns).

namelastname112 the Covert (Spriggan Enchanter)    Turns: 21055, Time: 01:02:42

Health: -2/67      AC:  5    Str:  7    XL:     13   Next: 67%
Magic:  8/28       EV: 28    Int: 22    God:    Hepliaklqana [****..]
Gold:   557        SH:  0    Dex: 18    Spells: 7 memorised, 13 levels left

rFire  . . .     SeeInvis +     J - +4 dagger "Morg" {pain, MR+ Int+5}
rCold  + . .     Gourm    .     P - +2 robe {Archmagi}
rNeg   . . .     Faith    .     (shield restricted)
rPois  +         Spirit   .     s - +0 hat
rElec  .         Dismiss  .     U - +0 cloak
rCorr  .         Reflect  .     (gloves unavailable)
SustAt .         Harm     .     (boots unavailable)
MR     +++..                    (no amulet)
Stlth  ++++++....               a - ring of poison resistance
                                X - ring of protection from cold

@: slowed, repel missiles, quick, extremely resistant to hostile enchantments,
very stealthy
A: unfitting armour, see invisible, herbivore 3, speed 3, slow metabolism 2
a: Recall Ancestor, Ancestor Identity, Transference, Idealise, Renounce Religion


You were on level 15 of the Dungeon.
You worshipped Hepliaklqana.
Hepliaklqana was greatly pleased with you.
You were not hungry.

You visited 2 branches of the dungeon, and saw 16 of its levels.
You also visited: Labyrinth.

You collected 1002 gold pieces.
You spent 445 gold pieces at shops.

Inventory:

Hand Weapons
 f - a cursed +1 blowgun
 o - a +2 dagger of holy wrath
 p - a +2 short sword of draining
 J - the +4 dagger "Morg" (weapon) {pain, MR+ Int+5}
   (You found it on level 7 of the Dungeon)

   In the hands of one skilled in necromantic magic, it inflicts extra damage on
   living creatures.
   It affects your intelligence (+5).
   It affects your resistance to hostile enchantments.
Missiles
 i - 3 needles of sleeping
 v - 96 poisoned needles
 V - 4 needles of confusion
Armour
 s - a +0 hat (worn)
 P - a +2 robe of the Archmagi (worn)
 U - a +0 cloak (worn)
Jewellery
 a - a ring of poison resistance (right hand)
 B - the amulet "Kyoxich" {Gourm rElec rC- MR+ Str+4}
   (You found it on level 4 of the Dungeon)

   [amulet of the gourmand]

   It allows you to eat raw meat even when not hungry.
   It affects your strength (+4).
   It makes you vulnerable to cold.
   It insulates you from electricity.
   It affects your resistance to hostile enchantments.
 I - an uncursed ring of fire
 O - an uncursed ring of resist corrosion
 W - an uncursed ring of wizardry
 X - a ring of protection from cold (left hand)
Wands
 u - a wand of acid (2/15)
 w - a wand of paralysis (12/24)
 y - a wand of digging (24/24)
 D - a wand of paralysis (16/24)
 E - a wand of confusion (28/48)
 Q - a wand of slowing (21/48)
 R - a wand of slowing (6/48)
 T - a wand of polymorph (11/24)
 Z - a wand of paralysis (11/24)
Scrolls
 e - 5 scrolls of remove curse
 g - 5 scrolls of fog
 j - 2 scrolls of amnesia
 m - a scroll of vulnerability {unknown}
 n - 7 scrolls of identify
 x - 2 scrolls of blinking
 C - a scroll of enchant armour
 K - a scroll of recharging
 S - 3 scrolls of summoning
Potions
 b - 2 potions of cure mutation {unknown}
 h - a potion of cancellation
 k - a potion of flight
 q - 4 potions of curing
 t - a potion of heal wounds
 A - a potion of invisibility
 F - 2 potions of degeneration {unknown}
 G - 2 potions of berserk rage {unknown}
 H - a potion of ambrosia {unknown}
 M - 2 potions of lignification
 N - 2 potions of brilliance {unknown}
Books
 c - a book of Maledictions

   Spells                             Type                      Level
   a - Corona                         Hexes                        1
   b - Ensorcelled Hibernation        Hexes/Ice                    2
   c - Confuse                        Hexes                        3
   d - Tukima's Dance                 Hexes                        3
   e - Dazzling Spray                 Conjuration/Hexes            3
 L - a book of Necromancy

   Spells                             Type                      Level
   a - Pain                           Necromancy                   1
   b - Animate Skeleton               Necromancy                   1
   c - Vampiric Draining              Necromancy                   3
   d - Regeneration                   Charms/Necromancy            3
   e - Animate Dead                   Necromancy                   4
   f - Control Undead                 Necromancy                   4
 Y - a Necronomicon

   Spells                             Type                      Level
   a - Haunt                          Necromancy/Summoning         7
   b - Borgnjor's Revivification      Necromancy                   8
   c - Death's Door                   Charms/Necromancy            8
   d - Necromutation                  Transmutation/Necromancy     8
Comestibles
 d - 6 bread rations
 l - 18 fruits
 z - 3 slices of pizza


   Skills:
 + Level 7.3 Fighting
 + Level 9.4 Short Blades
 - Level 4.0 Throwing
 + Level 11.7 Dodging
 + Level 12.9 Stealth
 + Level 10.7 Spellcasting
 + Level 10.9 Hexes
 * Level 8.6 Necromancy
 + Level 6.8 Invocations


You had 13 spell levels left.
You knew the following spells:

 Your Spells              Type           Power        Failure   Level  Hunger
a - Tukima's Dance        Hex            ######..     1%          3    None
b - Repel Missiles        Chrm/Air       ###...       10%         2    None
c - Dazzling Spray        Conj/Hex       ######       1%          3    None
d - Regeneration          Chrm/Necr      #####.....   2%          3    None
e - Animate Dead          Necr           N/A          1%          4    #......
x - Confuse               Hex            ######..     1%          3    None
z - Ensorcelled Hibernat  Hex/Ice        ######       1%          2    None


Dungeon Overview and Level Annotations

Branches:
Dungeon (15/15)            Temple (1/1) D:6            Lair (0/8) D:8
    Orc (0/2) D:11         Vaults (0/5) D:14         Depths (0/5) D:15

Altars:
Ashenzari
Cheibriados
Dithmenos
Elyvilon
Fedhas
Gozag
Hepliaklqana
Kikubaaqudgha
Makhleb
Nemelex Xobeh
Okawaru
Pakellas
Qazlal
Ru
Sif Muna
Trog
Ukayaw
Vehumet
Xom
Yredelemnul
Zin
The Shining One

Shops:
D:5 :*%[:   D:9 !


Innate Abilities, Weirdness & Mutations

You are tiny and cannot use many weapons and most armour.
You have supernaturally acute eyesight. (SInv)
You are a herbivore.
You cover ground extremely quickly.
You need consume almost no food.


Message History

DICKPOOP gestures at the orc warrior while chanting.
The orc warrior resists with significant effort.
The orc warrior hits DICKPOOP with a glaive of pain.
The sixfirhy barely misses you.
The centaur skeleton completely misses you.
You regained 23 hp, and now have 26/67 hp.
Press: ? - help, v - describe, . - travel
Here: an ice devil (summoned)
The floor.
Unknown command.
Unknown command.
The sixfirhy hits you.
* * * LOW HITPOINT WARNING * * *
The sixfirhy shocks you!
* * * LOW HITPOINT WARNING * * *
The sixfirhy misses you.
The orc sorcerer barely misses DICKPOOP.
DICKPOOP gestures at the orc warrior while chanting.
The orc warrior appears confused.
The sixfirhy hits you!
You die...

,,,*****,,,#.....................
,,,,,,,,,..#.........ooo.........
**,,,,,*,..#......†<..Ro3........
**,,,,,*,............).#o........
**,,,,,*,..#..#.##.....#.........
,,,,,,,,........##W4.#.#......###
,,,,,,,,...#.....Z...............
*,,,,,,,,..#.....4o..#.######.##.
*,,,,,,,,.......@.............#..
,,,,,,,,,.###....................
,,,,,,,,,,,,+......g.............
*,,,,,,,,,**#.................)..
,,,,,,,,,,* #...............###.#
*********,**#...............+....
*,,,,,,,,,....####.#......###..
*******,*#####* #.#...#### #..
*,* #.#...######..


You could see an orc knight, an ice devil, a sixfirhy, a wraith, an orc
sorcerer, 2 orc warriors, a boggart (invisible), an orc priest, a centaur
skeleton and the friendly DICKPOOP the hexer.

Vanquished Creatures
  Rupert (D:12)
  Agnes (D:14)
  Azrael (D:14)
  A vault guard (D:14)
  A hydra (D:14)
  2 centaur warriors (D:14)
  Erica (D:10)
  A wizard (D:14)
  3 deep trolls (D:13)
  2 unseen horrors (D:14)
  3 hill giants
  A cyclops (D:11)
  13 ugly things
  2 centaur zombies (D:12)
  A gargoyle (D:11)
  A komodo dragon (D:13)
  3 efreet
  A queen bee (shapeshifter) (D:14)
  13 trolls
  3 slime creatures (D:12)
  A wraith (D:14)
  2 water elementals (D:13)
  A vampire (D:14)
  A wyvern (D:14)
  18 yaks
  3 fire elementals (D:14)
  A hippogriff (D:12)
  5 vampire mosquitoes
  2 basilisks
  A hungry ghost (D:7)
  2 soldier ants
  Duvessa (D:5)
  4 orc warriors
  A porcupine (D:8)
  2 ice beasts
  4 sky beasts
  3 slaves (D:5)
  4 black bears
  A wasp (D:12)
  3 ogres
  4 boggarts
  8 centaurs
  2 crocodiles
  4 giant frogs
  Blork the orc (D:5)
  A gnoll sergeant (D:3)
  Dowan (D:4)
  A wyvern skeleton (D:11)
  A wyvern zombie (D:12)
  4 scorpions
  25 killer bees
  2 electric eels (D:13)
  8 wights (D:12)
  3 hexers
  A howler monkey (D:4)
  6 crimson imps
  2 quasits
  A giant frog zombie (D:7)
  4 hounds
  2 jellies
  8 orc wizards
  10 orc priests
  5 centaur skeletons
  2 giant frog skeletons
  3 gnoll shamans (D:3)
  3 iguanas
  7 worker ants
  A killer bee zombie (D:10)
  3 sheep (D:11)
  2 hound skeletons (D:10)
  A hound zombie (D:9)
  A howler monkey zombie (D:7)
  9 adders
  44 gnolls
  2 shadow imps
  9 white imps (D:11)
  An adder skeleton (D:4)
  An adder zombie (D:10)
  2 worms (D:4)
  A dart slug (D:2)
  7 giant geckos
  74 orcs
  2 ball pythons
  6 bats
  2 giant cockroaches (D:3)
  5 goblins
  7 hobgoblins
  14 jackals (D:3)
  10 kobolds
  6 quokkas
  A giant gecko zombie (D:7)
  5 giant newts
  A jackal skeleton (D:6)
  14 rats
465 creatures vanquished.

Vanquished Creatures (collateral kills)
  Snorg (D:10)
  A minotaur (Lab)
  Erolcha (D:8)
  An unseen horror (D:13)
  4 hill giants
  Pikel (D:5)
  An ugly thing (D:14)
  A vampire (D:14)
  A water elemental (D:13)
  2 yaks
  3 vampire mosquitoes (D:14)
  A hippogriff (D:11)
  2 hell hounds (D:14)
  A porcupine (D:8)
  An ice beast (D:9)
  A black bear (D:10)
  A phantom (D:6)
  4 ogres
  A centaur (D:14)
  A big kobold (D:12)
  A killer bee (D:8)
  2 hounds
  An orc wizard (D:6)
  An orc priest (D:7)
  2 worker ants
  A hound skeleton (D:10)
  An adder (D:12)
  A gnoll (D:3)
  3 white imps (D:11)
  2 orcs
45 creatures vanquished.

Vanquished Creatures (others)
  A giant frog (D:8)
  8 hexers
  2 ancestors (D:8)
  A plant (D:8)
12 creatures vanquished.

Grand Total: 522 creatures vanquished

Notes
Turn   | Place    | Note
--------------------------------------------------------------
     0 | D:1      | namelastname112 the Spriggan Enchanter began the quest for the Orb.
     0 | D:1      | Reached XP level 1. HP: 9/9 MP: 5/5
    37 | D:1      | crauler: марксмана сделай
    53 | D:1      | crauler: аркана
    71 | D:1      | xeno23: ты новых богов хочешь?
   114 | D:1      | namelastname112: ну хепла возьму
   114 | D:1      | namelastname112: хули
   119 | D:1      | Reached XP level 2. HP: 11/13 MP: 6/6
   140 | D:1      | Learned a level 2 spell: Ensorcelled Hibernation
   140 | D:1      | crauler: штабир и штабир?
   179 | D:1      | namelastname112: да наверное
   179 | D:1      | namelastname112: я у него только одного предка брал
   179 | D:1      | namelastname112: кастера
   179 | D:1      | namelastname112: спеллы норм были у него
   179 | D:1      | namelastname112: но посколько ии в кравле говно
   179 | D:1      | namelastname112: то кастовал он не оч
   586 | D:2      | Reached XP level 3. HP: 17/17 MP: 8/8
   776 | D:2      | Learned a level 3 spell: Confuse
   802 | D:2      | Found a blossoming altar of Fedhas.
   837 | D:2      | Reached skill level 1 in Fighting
  1099 | D:2      | Found an ancient bone altar of Kikubaaqudgha.
  1101 | D:2      | Found a blossoming altar of Fedhas.
  1290 | D:3      | Reached XP level 4. HP: 8/22 MP: 7/10
  1294 | D:3      | crauler: баф у хепла короткий, но по моим ощущениям призраки под бафом ебут даже в лейте
  1525 | D:3      | Reached skill level 5 in Stealth
  1536 | D:3      | Found a sacrificial altar of Ru.
  1679 | D:3      | Found a shattered altar of Ashenzari.
  1712 | D:3      | Found a basalt altar of Yredelemnul.
  1772 | D:3      | Found a white marble altar of Elyvilon.
  2016 | D:3      | Reached XP level 5. HP: 20/25 MP: 0/11
  2632 | D:3      | Learned a level 3 spell: Tukima's Dance
  2638 | D:3      | Learned a level 3 spell: Dazzling Spray
  3142 | D:3      | Reached XP level 6. HP: 30/30 MP: 9/13
  3537 | D:3      | Reached skill level 5 in Hexes
  3833 | D:3      | Reached skill level 6 in Stealth
  3917 | D:3      | Reached skill level 5 in Dodging
  4365 | D:3      | Reached XP level 7. HP: 35/35 MP: 11/15
  4817 | D:4      | Reached skill level 1 in Throwing
  4832 | D:4      | Reached skill level 5 in Spellcasting
  5413 | D:4      | Got a twitching golden amulet
  5504 | D:4      | Identified the amulet "Kyoxich" {Gourm rElec rC- MR+ Str+4} (You found it on level 4 of the Dungeon)
  5901 | D:5      | Entered Level 5 of the Dungeon
  5901 | D:5      | Found Weapadan's Food Emporium.
  5901 | D:5      | Noticed Duvessa
  5905 | D:5      | Noticed Dowan
  5913 | D:5      | Noticed Pikel
  5914 | D:5      | Killed Duvessa
  5914 | D:5      | Reached skill level 7 in Stealth
  5922 | D:4      | Killed Dowan
  5922 | D:4      | Reached XP level 8. HP: 7/39 MP: 7/17
  6213 | D:5      | Found Zoac Qiurr's General Store.
  6215 | D:5      | Noticed Blork the orc
  6222 | D:5      | Killed Blork the orc
  6271 | D:5      | Found Ziolugh's Book Shop.
  6662 | D:5      | Killed Pikel
  6662 | D:5      | Reached skill level 8 in Stealth
  6996 | D:5      | Found Yclunkak's Book Boutique.
  7118 | D:5      | Found Icimaria's Antique Armour Boutique.
  7395 | D:6      | Found a staircase to the Ecumenical Temple.
  7409 | Temple   | Entered the Ecumenical Temple
  7426 | Temple   | Became a worshipper of Hepliaklqana
  7733 | D:6      | Reached XP level 9. HP: 19/44 MP: 5/19
  8306 | D:6      | Reached skill level 5 in Short Blades
  8500 | D:7      | crauler: блядь, я один поехавший который оставил духу его имя
  8522 | D:7      | crauler: чтобы созвучно было
  8547 | D:7      | namelastname112: лол
  8547 | D:7      | namelastname112: так смешнее
  8551 | D:7      | crauler: один трехрунщик дегенерат, второй ТРАВМАТУРГ, третий хуйговно
  8552 | D:7      | Reached * piety under Hepliaklqana
  8582 | D:7      | namelastname112: сука
  8582 | D:7      | namelastname112: морг блять
  8582 | D:7      | namelastname112: на д7
  8582 | D:7      | namelastname112: пора учить некроту
  8701 | D:7      | crauler: сейчас бы кику взять...
  8896 | D:7      | namelastname112: вот да
  8970 | D:7      | Reached skill level 1 in Invocations
  8992 | D:7      | Reached skill level 9 in Stealth
  9427 | D:5      | Bought a book of Necromancy for 360 gold pieces
  9431 | D:5      | Learned a level 3 spell: Regeneration
  9436 | D:5      | Learned a level 4 spell: Animate Dead
  9557 | D:8      | Found a sparkling altar of Nemelex Xobeh.
  9558 | D:8      | Noticed Erolcha
  9566 | D:8      | Found a staircase to the Lair.
  9594 | D:8      | HP: 2/46 [Erolcha/orb of energy (24)]
  9657 | D:8      | Killed Erolcha
  9657 | D:8      | Reached skill level 1 in Necromancy
  9890 | D:8      | crauler: лол на серве сейчас играет три хеплита
 10044 | D:8      | crauler: со стабером магом и воином
 10085 | D:8      | Noticed a troll
 10092 | D:8      | Killed a troll
 10122 | D:8      | Reached XP level 10. HP: 47/51 MP: 7/21
 10170 | D:8      | crauler: а че дух сейчас знает?
 10271 | D:8      | crauler: че он вспомнил? сИнв? резист?
 10414 | D:8      | namelastname112: ну вон
 10414 | D:8      | namelastname112: рф рц
 10444 | D:8      | crauler: кстати
 10524 | D:8      | Found a bloodstained altar of Trog.
 10582 | D:8      | Found a glowing silver altar of Zin.
 10583 | D:8      | crauler: ввели бы как в покемонах, лол
 10643 | D:8      | crauler: доведи это говно до 27ого без выбора профы
 10648 | D:8      | oplop: йо
 10662 | D:8      | oplop: решил таки спригана потеребить?
 10664 | D:8      | crauler: получи монаха брюса ли
 10864 | D:8      | namelastname112: здаров
 11074 | D:8      | oplop: бим умер опять
 11104 | D:8      | oplop: бля, импу тайл переделали чтоле
 11171 | D:5      | oplop: ужас
 11171 | D:5      | namelastname112: дохуя кому переделали
 11171 | D:5      | crauler: да норм
 11183 | D:5      | oplop: когда успели то, только турнир кончился
 11237 | D:7      | crauler: совпадает с картинкой на спеле
 11237 | D:7      | namelastname112: дык
 11237 | D:7      | namelastname112: транк жи
 11247 | D:7      | Identified a scroll of acquirement
 11248 | D:7      | Got a warped gold dragon armour
 11259 | D:7      | Identified the +1 gold dragon armour "Dostrishre" {rElec rPois rF+ rC+ rN+++ rCorr Str-5} (You acquired it on level 7 of the Dungeon)
 11259 | D:7      | namelastname112: сука
 11259 | D:7      | namelastname112: найс ев
 11259 | D:7      | oplop: бха
 11259 | D:7      | oplop: збс
 11270 | D:7      | oplop: 1 стр
 11565 | D:9      | Reached ** piety under Hepliaklqana
 11567 | D:9      | Remembered your ancestor DICKPOOP as a hexer
 11587 | D:9      | Found Rehesi's Distillery.
 11592 | D:9      | Bought a potion of heal wounds for 85 gold pieces
 11631 | D:9      | Reached skill level 5 in Fighting
 11999 | D:9      | Reached skill level 10 in Stealth
 12201 | D:9      | crauler: роба
 12224 | D:9      | Found a radiant altar of Vehumet.
 12243 | D:9      | crauler: яркая, фиолетовая
 12379 | D:9      | Found a blossoming altar of Fedhas.
 12777 | D:9      | namelastname112: бля
 12777 | D:9      | namelastname112: это конечно пиздец тупизм
 12777 | D:9      | namelastname112: что он медленее меня
 12833 | D:10     | Entered Level 10 of the Dungeon
 12838 | D:10     | Noticed Snorg
 12866 | D:10     | Killed Snorg
 13012 | D:10     | Reached XP level 11. HP: 51/56 MP: 23/23
 13343 | D:10     | Reached *** piety under Hepliaklqana
 13343 | D:10     | Noticed Erica
 13367 | D:10     | crauler: лол
 13369 | D:10     | Killed Erica
 13513 | D:10     | crauler: этот спрайт теневого
 13532 | D:10     | crauler: красный имп определенно лучше удался
 13690 | D:11     | Found a frozen archway.
 13697 | D:11     | crauler: что тень может? бочку делает, хуи сосет?
 13700 | D:11     | namelastname112: типа того
 13768 | D:11     | namelastname112: sooooooqa
 14061 | D:11     | crauler: мимик?
 14161 | D:11     | namelastname112: da
 14194 | D:11     | Noticed a hill giant
 14211 | D:11     | Killed a hill giant
 14211 | D:11     | Reached skill level 5 in Necromancy
 14255 | D:11     | Noticed a hill giant
 14277 | D:11     | Killed a hill giant
 14662 | D:11     | Found a staircase to the Orcish Mines.
 15158 | D:11     | Reached skill level 11 in Stealth
 15598 | D:12     | Noticed a brown ugly thing
 15599 | D:12     | Noticed Rupert
 15619 | D:12     | Killed a brown ugly thing
 15658 | D:12     | crauler: лол, он тебя и без топора выебет
 15680 | D:12     | Killed Rupert
 15680 | D:12     | Reached skill level 10 in Dodging
 15680 | D:12     | Reached skill level 5 in Invocations
 15680 | D:12     | Reached XP level 12. HP: 15/61 MP: 20/26
 17263 | D:13     | Reached skill level 10 in Hexes
 17502 | D:13     | Reached **** piety under Hepliaklqana
 17842 | D:14     | Reached skill level 12 in Stealth
 18066 | D:14     | Reached skill level 10 in Spellcasting
 18480 | D:14     | Reached XP level 13. HP: 66/66 MP: 28/28
 19055 | D:14     | Noticed Agnes
 19070 | D:14     | Killed Agnes
 19378 | D:14     | Noticed Azrael
 19429 | D:14     | Killed Azrael
 19599 | D:14     | Found a gate to the Vaults.
 19599 | D:14     | Noticed a vault guard
 19730 | D:14     | Killed a vault guard
 20092 | D:15     | Entered Level 15 of the Dungeon
 20123 | D:15     | Found a labyrinth entrance.
 20132 | Lab      | Entered a labyrinth
 20145 | Lab      | crauler: как хексер?
 20145 | Lab      | namelastname112: ну
 20145 | Lab      | namelastname112: ниоч
 20152 | Lab      | crauler: как земля?
 20181 | Lab      | namelastname112: он был бы норм
 20181 | Lab      | namelastname112: если бы он был со мной одной скорости
 20359 | Lab      | crauler: реколл там вроде хуйню стоит
 20377 | Lab      | Noticed a minotaur
 20386 | Lab      | Killed a minotaur
 20394 | Lab      | namelastname112: да все равно
 20394 | Lab      | namelastname112: это тупо пиздец
 20394 | Lab      | namelastname112: он же мой ПРЕДОК
 20394 | Lab      | namelastname112: значит тоже спригган
 20394 | Lab      | namelastname112: значит должен быть быстрым
 20406 | Lab      | Learned a level 2 spell: Repel Missiles
 20409 | Lab      | namelastname112: блять
 20409 | Lab      | crauler: трезубец?
 20409 | Lab      | namelastname112: некрономикон
 20409 | Lab      | namelastname112: ну охуеть
 20409 | Lab      | namelastname112: нахуй мне трезубец, лол
 20409 | Lab      | namelastname112: у меня морг
 20409 | Lab      | crauler: болевой
 20409 | Lab      | crauler: ну мало ли
 20411 | Lab      | crauler: проверь
 20910 | D:14     | crauler: а не считая того факта что предок отстает, как он?
 21030 | D:14     | namelastname112: ну
 21030 | D:14     | namelastname112: более-менее
 21030 | D:14     | namelastname112: кастовал бы почаще
 21030 | D:14     | namelastname112: я слыхал, что у него потом кб антимагии будет
 21053 | D:15     | HP: 3/67 [smoke demon/divine providence[a boggart] (15)]
 21054 | D:15     | crauler: пишут что да
 21054 | D:15     | crauler: врут или нет хз
 21055 | D:15     | crauler: какойто электродьявол
 21055 | D:15     | namelastname112: лол
 21055 | D:15     | crauler: а не ледяной
 21055 | D:15     | namelastname112: этот тайл
 21055 | D:15     | Slain by a sixfirhy

Vault maps used:
D:1:      saegor_arrival_simple_e
D:2:      grunt_temple_overflow_growth_and_decay, fedhas_altar_1
D:3:      lemuel_castle_with_subvaults, nicolae_overflow_hidden_temple,
          lemuel_round_altar, kennysheep_ying_yang
D:4:      first_bread, roderic_lattice_a
D:5:      serial_shops, nicolae_shop_behind_doors, nicolae_shop_trees,
          nicolae_shop_trees, shop, shop, uniq_duvessa, uniq_pikel,
          uniq_blork_the_orc
D:6:      minmay_temple_entry_mist, minmay_misc_feat_room
D:8:      wad_woods_settlement, overflow_temple_1_default, kennysheep_mini,
          trog_ov_bears_minmay, dpeg_lair_monsters, uniq_erolcha
D:9:      marbit_many_paths, serial_shops, kennysheep_little_box,
          hangedman_tree_tricks, minmay_splitting_lines
D:10:     uniq_erica, uniq_snorg
D:11:     hiddenorc2_lemuel, portal_ice_cave_entry_imps
D:12:     uniq_rupert
D:13:     lemuel_troll_bridge, kennysheep_generic_room_14
D:14:     kennysheep_spiral_hall, david_vaults_5, serial_park_tiny_2,
          uniq_azrael, uniq_agnes
D:15:     grunt_enter_depths_snipers, lab_entry_generic, serial_park_tiny_1
Temple:   triangle_lava_temple_12
Lab:      labyrinth_spiral, nicolae_lab_hexagon, nicolae_lab_grate,
          nicolae_lab_lava, labyrinth_skeletal_remains

Skill      XL: |  1  2  3  4  5  6  7  8  9 10 11 12 13 |
---------------+----------------------------------------+-----
Fighting       | 1 2 3 4 5 6 7 |  7.3
Spellcasting   | 3 4 5 6 7 9 10 | 10.7
Hexes          | 4 5 6 7 8 9 10 | 10.9
Stealth        | 5 6 7 8 9 10 11 12 | 12.9
Short Blades   | 2 3 4 5 6 7 8 9 |  9.4
Dodging        | 4 5 7 8 9 10 11 | 11.7
Throwing       | 1 3 4 |  4.0
Invocations    | 2 3 5 6 |  6.8
Necromancy     | 2 4 5 7 8 |  8.6

Action                   |  1- 3 |  4- 6 |  7- 9 | 10-12 | 13-15 || total
-------------------------+-------+-------+-------+-------+-------++-------
Melee: Dagger            |    53 |       |    32 |   676 |   152 ||   913
       Short sword       |     9 |   221 |   256 |       |       ||   486
 Cast: Ensorcelled Hiber |    12 |    39 |    77 |    39 |       ||   167
       Confuse           |       |    31 |    38 |   108 |    55 ||   232
       Tukima's Dance    |       |     3 |     4 |     7 |     6 ||    20
       Regeneration      |       |       |       |     1 |       ||     1
       Dazzling Spray    |       |       |       |    11 |    10 ||    21
       Repel Missiles    |       |       |       |       |     1 ||     1
Invok: Recall Ancestor   |       |       |     5 |     9 |     4 ||    18
       Ancestor Life: He |       |       |       |     1 |       ||     1
  Use: Potion            |       |       |     6 |     1 |     1 ||     8
       Scroll            |       |       |       |    21 |     1 ||    22
 Stab: Sleeping          |    26 |    23 |    56 |    67 |     6 ||   178
       Confused          |       |     3 |    25 |    79 |    31 ||   138
       Distracted        |       |       |     2 |     5 |     4 ||    11
  Eat: Pizza             |       |     2 |       |       |       ||     2
       Bread ration      |       |     1 |     1 |     1 |     1 ||     4
       Royal jelly       |       |       |       |     1 |       ||     1
Armor: Robe              |     7 |    19 |    17 |    14 |    19 ||    76
Dodge: Dodged            |    41 |   218 |   309 |   431 |   196 ||  1195
       Deflected         |       |       |       |       |     3 ||     3
